 Dungeon Crawl Stone Soup version 0.17.1-1-g73c8601 (webtiles) character file.

138819 Runnr the Lord of Darkness (level 16, -2/131 HPs)
             Began as a Demonspawn Necromancer on Dec 19, 2015.
             Was the Champion of Kikubaaqudgha.
             Shot with a bolt of frost by a naga sharpshooter (4 damage)
             ... on level 4 of the Lair of Beasts.
             The game lasted 05:09:14 (40444 turns).

Runnr the Lord of Darkness (DsNe)                  Turns: 40444, Time: 05:09:44

Health: -2/131     AC: 12    Str: 12    XL:     16   Next: 72%
Magic:  9/42       EV: 22    Int: 19    God:    Kikubaaqudgha [******]
Gold:   2587       SH:  0    Dex: 15    Spells: 10 memorised, 13 levels left

rFire  . . .     SeeInvis .     F - +9 whip (elec)
rCold  . . .     Clarity  .     T - +2 robe {MR+}
rNeg   . . .     SustAt   .     (no shield)
rPois  +         Gourm    .     G - +0 helmet
rElec  .         Spirit   .     U - +2 cloak
rCorr  .         Warding  .     B - +1 pair of gloves
rMut   .         Stasis   .     C - +1 pair of boots {run}
MR     ++...                    (no amulet)
Stlth  +++++.....               a - ring of flight
                                W - ring of magical power

@: lethally poisoned (-2 -> -2), regenerating, slowed, very slow, very resistant
to hostile enchantments, quite stealthy
A: hooves 2, repulsion field 1, blink, nightstalker 3, poison resistance, spiny
2, wild magic 1
a: Blink, Receive Corpses, Torment, Brand Weapon With Pain, Receive
Necronomicon, Renounce Religion, Evoke Flight


You were on level 4 of the Lair of Beasts.
You worshipped Kikubaaqudgha.
Kikubaaqudgha was exalted by your worship.
You were hungry.

You visited 7 branches of the dungeon, and saw 32 of its levels.
You also visited: Bailey and Ice Cave.

You collected 3272 gold pieces.
You spent 685 gold pieces at shops.

Inventory:

Hand Weapons
 d - the +1 hand axe of Zin's Anger {chop, rF++ rN+ Str+3}
   (You bought it in a shop on level 10 of the Dungeon)

   It inflicts extra damage upon your enemies.
   It affects your strength (+3).
   It greatly protects you from fire.
   It protects you from negative energy.
 u - a +0 blowgun
 F - a +9 whip of electrocution (weapon)
Missiles
 v - 146 poisoned needles
 E - 6 curare-tipped needles
 S - 10 needles of paralysis
Armour
 j - a +2 robe of resistance
 B - a +1 pair of gloves (worn)
 C - a +1 pair of boots of running (worn)
 G - a +0 helmet (worn)
 T - a +2 robe of magic resistance (worn)
 U - a +2 cloak (worn)
Jewellery
 a - a ring of flight (right hand)
 x - an uncursed ring of wizardry
 W - a ring of magical power (left hand)
Wands
 b - a wand of teleportation (0)
 n - a wand of draining (6)
 X - a wand of invisibility (3)
Scrolls
 e - 2 scrolls of enchant armour
 h - 13 scrolls of identify
 i - 2 scrolls of silence
 l - 7 scrolls of fear
 p - a scroll of brand weapon {unknown}
 s - 5 scrolls of teleportation
 w - 2 scrolls of acquirement
 y - 9 scrolls of remove curse
 A - 5 scrolls of amnesia
 L - 3 scrolls of recharging
 N - a scroll of holy word {unknown}
 O - 3 scrolls of magic mapping
 R - a scroll of immolation
 Y - 2 scrolls of summoning
Potions
 g - 2 potions of might
 k - a potion of ambrosia {unknown}
 m - 7 potions of lignification
 r - 4 potions of agility
 t - 7 potions of brilliance
 H - 4 potions of berserk rage
 J - 2 potions of resistance
 K - 5 potions of haste
 P - a potion of flight
 Q - a potion of magic {unknown}
Books
 f - a Grand Grimoire

   Spells                             Type                      Level
   a - Monstrous Menagerie            Summoning                    6
   b - Summon Greater Demon           Summoning                    7
   c - Malign Gateway                 Summoning/Translocation      7
   d - Summon Horrible Things         Summoning                    8
 V - a book of Air

   Spells                             Type                      Level
   a - Shock                          Conjuration/Air              1
   b - Swiftness                      Charms/Air                   2
   c - Repel Missiles                 Charms/Air                   2
   d - Static Discharge               Conjuration/Air              3
   e - Lightning Bolt                 Conjuration/Air              5
Miscellaneous
 D - a fan of gales
Comestibles
 c - 13 bread rations
 o - 15 royal jellies
 q - 7 meat rations
 I - 4 beef jerkies
 M - 7 fruits


   Skills:
 + Level 13.6 Fighting
   Level 1.2 Short Blades
 + Level 3.6(7.6) Axes
 - Level 10.4(10.6) Maces & Flails
 - Level 12.5 Dodging
 - Level 1.7 Stealth
 + Level 13.2 Spellcasting
 + Level 1.3 Charms
 - Level 15.0 Necromancy
 - Level 2.0 Air Magic
 - Level 6.0 Evocations


You had 13 spell levels left.
You knew the following spells:

 Your Spells              Type           Power        Failure   Level  Hunger
a - Sublimation of Blood  Necr           #######...   1%          2    None
b - Agony                 Necr           #######.     2%          5    ####...
c - Death Channel         Necr           #######...   5%          6    #####..
d - Apportation           Tloc           ###.......   16%         1    None
e - Swiftness             Chrm/Air       ####....     13%         2    None
p - Pain                  Necr           ####         1%          1    None
r - Regeneration          Chrm/Necr      ######....   2%          3    None
s - Animate Skeleton      Necr           N/A          1%          1    None
v - Vampiric Draining     Necr           #######...   1%          3    None
z - Animate Dead          Necr           N/A          1%          4    None


Dungeon Overview and Level Annotations

Branches:
Dungeon (15/15)            Temple (1/1) D:6            Lair (8/8) D:11
 Shoals (1/4) Lair:5        Snake (1/4) Lair:4        Slime (0/6) Lair:6
    Orc (4/4) D:9             Elf (2/3) Orc:3        Vaults (0/5) D:14
 Depths (0/5) D:15

Altars:
Ashenzari
Cheibriados
Dithmenos
Elyvilon
Fedhas
Gozag
Kikubaaqudgha
Makhleb
Nemelex Xobeh
Okawaru
Qazlal
Ru
Sif Muna
Trog
Vehumet
Xom
Yredelemnul
Zin
The Shining One
Beogh
Jiyva

Shops:
D:8 *   D:9 [   D:10 !?*%   D:13 :   Orc:4 :%?(}   Elf:2 [

Portals:
Abyss: D:9
Pandemonium: Orc:4

Annotations:
D:5 1 runed door
D:7 Bane's ghost, novice DsGl; Menkaure
D:10 grizfap's ghost, novice DrBe
Lair:2 3 exclusions
Lair:5 1 exclusion
Lair:6 1 exclusion


Innate Abilities, Weirdness & Mutations

You have hoof-like feet.
You are surrounded by a mild repulsion field (EV +2).
You are completely attuned to the shadows.
You are mostly covered in sharp spines.
You can translocate small distances at will.
Your system is resistant to poisons.
Your spells are a little harder to cast, but a little more powerful.


Message History

The guardian serpent completely misses you.
Casting: Regeneration
Confirm with . or Enter, or press ? or * to list all spells.
Aiming: Vampiric Draining
Press: ? - help, Shift-Dir - straight line, f - guardian serpent
Aim: a guardian serpent (heavily wounded)
The guardian serpent is severely wounded.
You feel life coursing into your body.
You feel sick.
The guardian serpent gestures with its tail.
The naga sharpshooter blinks!
The naga sharpshooter spits poison at you.
The splash of poison misses you.
The guardian serpent is struck by your spines.
The guardian serpent misses you.
The naga sharpshooter shoots a bolt of frost.
The bolt of frost hits you!
* * * LOW HITPOINT WARNING * * *
The bolt of frost freezes you.
You die...
Kikubaaqudgha rasps: "You have failed me!
Welcome... death!"

## #...########## ###...#
##.## #...# #.## #...# #..#
#..Z## #.## ##...# #
##.###### ####.?## ###
#...##..########.##...#
..###....†..(..N../.......#
............>§.S@........##
.##...P#####.##.####.###.#
.####### ##### ### ### ##


You could see a naga sharpshooter and a guardian serpent.

Vanquished Creatures
  Rupert (Lair:7)
  Gastronok (Lair:5)
  The ghost of Dickchan the Crack Shot, an adept CeWn of Okawaru (D:15)
  Agnes (D:14)
  An orc warlord (Orc:4)
  A deep elf sorcerer (Elf:1)
  Nessos (D:13)
  Azrael (D:13)
  A deep elf demonologist (Elf:2)
  Snorg (Lair:7)
  A fire dragon (Lair:8)
  Josephine (D:13)
  3 hydras
  An anaconda (Snake:1)
  2 ogre magi
  3 centaur warriors
  2 dancing weapons (Elf:2)
  6 death yaks
  6 orc high priests (Orc:4)
  Urug (D:10)
  14 deep elf knights
  Nergalle (Orc:1)
  A skeletal warrior (D:14)
  A gelid demonspawn (Orc:4)
  An unseen horror (D:14)
  2 deep elf summoners
  9 hill giants
  A wizard (D:15)
  Pikel (D:4)
  A sea snake (Shoals:1)
  5 orc knights
  8 deep elf conjurers
  9 orc sorcerers
  12 ugly things
  3 slime creatures
  A wolf spider (Lair:4)
  2 cyclopes
  2 sixfirhies (Orc:4)
  An elephant (Lair:6)
  2 griffons
  A manticore (D:13)
  14 spiny frogs
  2 sirens (Lair:5)
  Joseph (Lair:1)
  An ice statue (IceCv)
  A naga mage (D:15)
  8 centaur skeletons
  8 black mambas
  5 fire drakes
  An efreet (D:13)
  A queen bee (shapeshifter) (D:14)
  3 gargoyles
  10 komodo dragons
  9 deep elf priests
  A red devil (Orc:4)
  6 trolls
  A wind drake (Shoals:1)
  A merfolk (shapeshifter) (D:13)
  3 merfolk
  7 polar bears (Lair:8)
  Prince Ribbit (D:6)
  5 blink frogs
  5 two-headed ogres
  A raiju (Lair:8)
  2 blue devils (Orc:4)
  A trapdoor spider (D:13)
  A ynoxinul (Orc:4)
  A wyvern (D:11)
  A shadow (D:12)
  A fire elemental (D:13)
  5 hungry ghosts
  20 deep elf fighters
  5 wraiths (D:13)
  3 basilisks
  24 deep elf magi
  16 hippogriffs
  Grum (D:11)
  8 wargs
  47 yaks
  4 steam dragons
  7 vampire mosquitoes
  13 wolves
  Edmund (D:6)
  2 nagas (Snake:1)
  3 mottled dragons
  5 hell hounds
  A swamp drake (Lair:8)
  Duvessa (D:7)
  An eye of draining (D:11)
  35 orc warriors
  9 ice beasts
  6 wasps
  3 sky beasts
  6 black bears (Lair:8)
  17 water moccasins
  A boggart (D:14)
  10 porcupines
  A phantom (D:10)
  13 ogres
  23 crocodiles
  3 big kobolds
  7 centaurs
  A brain worm (shapeshifter) (D:14)
  27 giant frogs
  5 gnoll sergeants
  Dowan (D:7)
  A wyvern skeleton (D:14)
  3 scorpions (D:4)
  A water moccasin skeleton (D:11)
  7 wights
  6 jellies
  17 killer bees
  2 giant frog zombies
  A centaur zombie (D:5)
  3 gnoll shamans
  33 orc priests
  6 crimson imps
  17 hounds
  A giant frog skeleton (D:11)
  An iguana (shapeshifter) (Elf:2)
  An iron imp (D:7)
  14 worker ants
  13 iguanas
  15 orc wizards
  3 sheep (Lair:1)
  A hound zombie (D:7)
  6 hound skeletons
  Robin (D:4)
  21 gnolls
  A worker ant zombie (D:6)
  19 adders
  65 river rats
  12 white imps (D:15)
  3 shadow imps
  An ooze (D:1)
  2 adder skeletons
  3 worms (D:3)
  A giant gecko (D:8)
  154 orcs
  3 giant cockroaches
  9 hobgoblins
  10 kobolds
  8 quokkas
  3 ball pythons
  10 bats
  4 giant newts
  16 goblins
  9 jackals
  A quokka skeleton (D:9)
  12 rats
  A plant (Lair:4)
1072 creatures vanquished.

Vanquished Creatures (collateral kills)
  Maud (Lair:8)
  A deep elf sorcerer (Elf:1)
  2 hydras
  2 death yaks
  An orc high priest (Orc:4)
  A deep elf knight (Elf:1)
  A deep elf summoner (Elf:1)
  A hill giant (D:13)
  2 ice statues (IceCv)
  A torpor snail (Lair:8)
  A spiny frog (Lair:8)
  A centaur skeleton (D:14)
  3 black mambas
  2 komodo dragons
  2 fire drakes
  A deep elf priest (Elf:1)
  8 blink frogs
  A polar bear (Lair:8)
  A raiju (Lair:8)
  A wraith (D:10)
  3 deep elf fighters (Elf:1)
  A basilisk (Lair:7)
  11 yaks
  3 deep elf magi
  2 hippogriffs
  3 wolves
  A warg (Lair:8)
  A hell hound (Lair:8)
  A sky beast (D:14)
  A water moccasin (Lair:2)
  5 black bears (Lair:8)
  An ogre (D:7)
  4 crocodiles
  A giant frog (D:12)
  4 gnoll sergeants (Bailey)
  A killer bee (D:9)
  4 hounds (Lair:8)
  6 electric eels
  An orc priest (Orc:4)
  4 gnoll shamans (Bailey)
  An iguana (Lair:5)
  5 sheep (Lair:1)
  4 gnolls
  2 adders
  6 river rats
  2 worms (D:2)
  8 orcs
  A hobgoblin (D:2)
  2 jackals (D:2)
  A kobold (D:3)
  A bush (Lair:4)
  10 fungi
  2 plants
137 creatures vanquished.

Vanquished Creatures (others)
  A deep elf fighter (Elf:2)
  A black bear (Lair:8)
  A crimson imp (D:8)
  An orc wizard (D:8)
  A gnoll (D:4)
  An ooze (D:4)
  A giant gecko (D:4)
  A quokka (D:8)
  34 fungi
  33 plants
  6 toadstools (Lair:6)
81 creatures vanquished.

Grand Total: 1290 creatures vanquished

Notes
Turn   | Place    | Note
--------------------------------------------------------------
     0 | D:1      | Runnr the Demonspawn Necromancer began the quest for the Orb.
     0 | D:1      | Reached XP level 1. HP: 13/13 MP: 3/3
     0 | D:1      | Noticed a draconian
     1 | D:1      | Noticed a gargoyle
     3 | D:1      | Noticed an ogre
     3 | D:1      | Noticed a gargoyle
     5 | D:1      | Noticed an ogre
     8 | D:1      | Noticed an ogre
    12 | D:1      | Noticed a formicid
    12 | D:1      | Noticed a formicid
    14 | D:1      | Noticed a human
    14 | D:1      | Noticed a felid
    16 | D:1      | Noticed a spriggan
    16 | D:1      | Noticed a ghoul
    18 | D:1      | Noticed a centaur
    18 | D:1      | Noticed a vampire
   472 | D:1      | Reached skill level 1 in Fighting
   472 | D:1      | Gained mutation: You are partially covered in sharp spines. [demonic ancestry]
   472 | D:1      | Reached XP level 2. HP: 11/21 MP: 0/5
  1319 | D:2      | Learned a level 1 spell: Animate Skeleton
  1348 | D:2      | Reached XP level 3. HP: 24/26 MP: 4/6
  1715 | D:2      | Reached skill level 5 in Necromancy
  1924 | D:2      | Gained mutation: You have large cloven feet. [demonic ancestry]
  1924 | D:2      | Reached XP level 4. HP: 28/33 MP: 1/7
  2060 | D:3      | Found an opulent altar of Gozag.
  2164 | D:3      | Learned a level 3 spell: Regeneration
  2775 | D:3      | Found a white marble altar of Elyvilon.
  2926 | D:3      | Found a sparkling altar of Nemelex Xobeh.
  3038 | D:3      | Reached XP level 5. HP: 38/38 MP: 6/9
  3175 | D:4      | Reached XP level 6. HP: 42/46 MP: 4/10
  3183 | D:4      | Noticed a slave
  3184 | D:4      | Noticed Pikel
  3229 | D:4      | Noticed Robin
  3830 | D:4      | Killed Robin
  4005 | D:4      | Noticed a slave
  4005 | D:4      | Noticed a slave
  4007 | D:4      | Noticed a slave
  4010 | D:4      | Killed Pikel
  4010 | D:4      | Reached skill level 6 in Necromancy
  4010 | D:4      | Reached XP level 7. HP: 52/54 MP: 11/13
  4096 | D:4      | Found an iron altar of Okawaru.
  4107 | D:4      | Your ally Robin died
  4571 | D:4      | Gained mutation: You are slightly more attuned to the shadows. [demonic ancestry]
  4571 | D:4      | Reached XP level 8. HP: 49/61 MP: 9/14
  4808 | D:4      | Reached skill level 7 in Necromancy
  5285 | D:5      | Entered Level 5 of the Dungeon
  5471 | D:5      | Learned a level 3 spell: Vampiric Draining
  5476 | D:5      | Learned a level 4 spell: Animate Dead
  5690 | D:5      | Reached skill level 5 in Spellcasting
  5854 | D:5      | Found a runed door.
  5854 | D:5      | Noticed an angel
  5863 | D:5      | Found a white marble altar of Elyvilon.
  5969 | D:5      | Reached skill level 5 in Fighting
  5969 | D:5      | Reached skill level 5 in Dodging
  6871 | D:6      | Found a staircase to the Ecumenical Temple.
  6877 | Temple   | Entered the Ecumenical Temple
  6933 | D:6      | Noticed Prince Ribbit
  7021 | D:6      | Killed Prince Ribbit
  7078 | D:6      | Reached skill level 8 in Necromancy
  7078 | D:6      | Gained mutation: You are mostly covered in sharp spines. [demonic ancestry]
  7078 | D:6      | Reached XP level 9. HP: 45/69 MP: 17/17
  7425 | D:6      | Noticed Edmund
  7895 | D:6      | Killed Edmund
  7925 | D:7      | Noticed Bane's ghost (novice DsGl)
  7992 | D:7      | Noticed Duvessa
  8001 | D:7      | Killed Duvessa
  8007 | D:7      | Noticed Dowan
  8015 | D:7      | Killed Dowan
  8015 | D:7      | Your ally Duvessa died
  8097 | D:6      | Your ally Edmund died
  8250 | D:7      | Found a snail-covered altar of Cheibriados.
  8334 | D:7      | Found a glowing silver altar of Zin.
  8593 | D:7      | Noticed Menkaure
  8747 | D:7      | Reached skill level 9 in Necromancy
  9274 | D:8      | Found Sifovoix's General Store.
  9347 | D:8      | Noticed a green ugly thing
  9464 | D:8      | Reached XP level 10. HP: 79/79 MP: 18/20
  9671 | D:8      | Found a shimmering altar of Xom.
  9692 | D:8      | Reached skill level 1 in Maces & Flails
  9823 | D:8      | Killed a green ugly thing
  9950 | D:8      | Found a shadowy altar of Dithmenos.
  9970 | D:9      | Found a one-way gate to the infinite horrors of the Abyss.
 10368 | D:9      | Found an ancient bone altar of Kikubaaqudgha.
 10376 | D:9      | Became a worshipper of Kikubaaqudgha
 10675 | D:9      | Found Giocinah's Armour Emporium.
 10675 | D:9      | Found a staircase to the Orcish Mines.
 10765 | D:9      | Found a bloodstained altar of Trog.
 11513 | Orc:1    | Entered Level 1 of the Orcish Mines
 11682 | Orc:1    | Noticed Nergalle
 12011 | D:10     | Entered Level 10 of the Dungeon
 12055 | D:10     | Found Funapopi's Distillery.
 12068 | D:10     | Found a flagged portal.
 12074 | Bailey   | Entered a bailey
 12256 | Bailey   | Reached * piety under Kikubaaqudgha
 12256 | Bailey   | Received a gift from Kikubaaqudgha
 12282 | Bailey   | Identified Kikubaaqudgha's Collected Works on Black Magic (Kikubaaqudgha gifted it to you in a bailey)
 13020 | D:10     | Found Irig's Magic Scroll Shoppe.
 13020 | D:10     | Noticed Urug
 13232 | D:10     | Gained mutation: Your system is resistant to poisons. [potion of beneficial mutation]
 13233 | D:10     | Gained mutation: You can translocate small distances at will. [potion of beneficial mutation]
 13331 | D:10     | Found Ydwis Deq's General Store.
 13383 | D:10     | Bought a scroll of teleportation for 30 gold pieces
 13383 | D:10     | Bought the cursed +1 hand axe of Zin's Anger {chop, rF++ rN+ Str+3} for 415 gold pieces
 13816 | D:10     | Reached XP level 11. HP: 67/87 MP: 23/23
 14026 | D:10     | Noticed grizfap's ghost (novice DrBe)
 14421 | D:10     | Reached skill level 10 in Necromancy
 14652 | D:10     | Found Pygrykh's Food Shoppe.
 14694 | D:11     | Noticed a four-headed hydra
 14743 | D:11     | Found a staircase to the Lair.
 14751 | Lair:1   | Entered Level 1 of the Lair of Beasts
 14768 | Lair:1   | Reached skill level 1 in Axes
 15174 | Lair:1   | Noticed Joseph
 15187 | Lair:1   | Killed Joseph
 15491 | Lair:1   | Noticed a six-headed hydra
 15502 | Lair:1   | Learned a level 2 spell: Sublimation of Blood
 15884 | Lair:2   | Reached ** piety under Kikubaaqudgha
 15975 | Lair:2   | Noticed a five-headed hydra
 16713 | Lair:3   | Noticed Gastronok
 16830 | Lair:3   | Identified a +1 pair of boots of running (You found it on level 3 of the Lair of Beasts)
 17294 | Lair:4   | Identified a scroll of acquirement
 17301 | Lair:4   | Found a staircase to the Snake Pit.
 17303 | Lair:4   | Noticed a five-headed hydra
 17413 | Lair:4   | Reached skill level 11 in Necromancy
 17456 | Lair:4   | Reached *** piety under Kikubaaqudgha
 17456 | Lair:4   | Received a gift from Kikubaaqudgha
 17459 | Lair:4   | Reached XP level 12. HP: 89/96 MP: 25/25
 17460 | Lair:4   | Identified Kikubaaqudgha's Reference Book on Evil (Kikubaaqudgha gifted it to you on level 4 of the Lair of Beasts)
 17467 | Lair:4   | Learned a level 5 spell: Agony
 17578 | Lair:4   | Reached skill level 5 in Maces & Flails
 18646 | Lair:5   | Found a staircase to the Shoals.
 18773 | Lair:5   | Killed Gastronok
 18773 | Lair:5   | Reached skill level 10 in Fighting
 18892 | Lair:5   | Your ally Gastronok died
 18968 | Lair:5   | Reached **** piety under Kikubaaqudgha
 19597 | Lair:6   | Found a viscous altar of Jiyva.
 19597 | Lair:6   | Found a staircase to the Slime Pits.
 19660 | Lair:6   | Reached skill level 10 in Spellcasting
 19956 | Lair:6   | Noticed a catoblepas
 19956 | Lair:6   | Noticed a dire elephant
 20128 | Lair:6   | Reached ***** piety under Kikubaaqudgha
 20379 | Lair:6   | Gained mutation: You have hoof-like feet. [demonic ancestry]
 20379 | Lair:6   | Reached XP level 13. HP: 88/104 MP: 27/27
 20564 | Lair:7   | Noticed Snorg
 20586 | Lair:7   | Killed Snorg
 20612 | Lair:7   | Reached skill level 12 in Necromancy
 20665 | Lair:7   | Noticed Rupert
 20747 | Lair:7   | Reached skill level 10 in Dodging
 20768 | Lair:7   | Your ally Snorg died
 20785 | Lair:7   | Killed Rupert
 21515 | Lair:8   | Entered Level 8 of the Lair of Beasts
 21752 | Lair:8   | Found a burning altar of Makhleb.
 21993 | Lair:8   | Noticed Maud
 22079 | Lair:8   | Killed Maud
 22255 | Lair:8   | Your ally Maud died
 22633 | Lair:8   | Gained mutation: You are surrounded by a mild repulsion field (EV +2). [demonic ancestry]
 22633 | Lair:8   | Reached XP level 14. HP: 113/113 MP: 29/29
 22650 | Lair:8   | Reached ****** piety under Kikubaaqudgha
 22849 | Lair:8   | Reached skill level 13 in Necromancy
 22873 | Lair:8   | Got a pitted short sword
 22874 | Lair:8   | Identified the +7 short sword of Bread {elec, Dex+2} (You found it on level 8 of the Lair of Beasts)
 23164 | Lair:8   | Reached skill level 1 in Short Blades
 23879 | D:11     | Noticed Grum
 23922 | D:10     | Killed a four-headed hydra
 23931 | D:11     | Killed Grum
 24176 | D:11     | Learned a level 6 spell: Death Channel
 24188 | D:11     | Learned a level 1 spell: Apportation
 24673 | D:11     | Noticed a hill giant
 24773 | D:11     | Killed a hill giant
 25224 | D:10     | Killed Urug
 25260 | D:10     | Bought a scroll of enchant weapon for 75 gold pieces
 25260 | D:10     | Bought a scroll of enchant weapon for 75 gold pieces
 25323 | D:10     | Bought 2 potions of curing for 90 gold pieces
 25351 | D:10     | Your ally Urug died
 26297 | D:13     | Noticed Nessos
 26311 | D:13     | Killed Nessos
 26466 | D:13     | Noticed Azrael
 27001 | D:13     | Found a roughly hewn altar of Beogh.
 27333 | D:13     | Noticed Josephine
 27347 | D:13     | Killed Josephine
 27433 | D:13     | Found Kauzaf's Book Emporium.
 27653 | D:13     | Killed Azrael
 27922 | D:13     | Gained mutation: You are significantly more attuned to the shadows. [demonic ancestry]
 27922 | D:13     | Reached XP level 15. HP: 76/121 MP: 10/30
 28431 | D:14     | Reached skill level 14 in Necromancy
 28466 | D:14     | Found a gate to the Vaults.
 28749 | D:14     | Noticed Agnes
 28773 | D:14     | Killed Agnes
 29077 | D:15     | Entered Level 15 of the Dungeon
 29098 | D:15     | Found a frozen archway.
 29179 | IceCv    | Entered an ice cave
 29549 | IceCv    | Gained mutation: Your spells are a little harder to cast, but a little more powerful. [potion of beneficial mutation]
 29795 | D:15     | Noticed Dickchan's ghost (adept CeWn)
 30112 | D:15     | Found a shadowy altar of Dithmenos.
 30389 | D:15     | Reached skill level 10 in Maces & Flails
 30411 | D:15     | Found a staircase to the Depths.
 30416 | D:15     | Paralysed by an ogre mage for 7 turns
 30431 | D:15     | Paralysed by an ogre mage for 7 turns
 30710 | Orc:1    | Killed Nergalle
 31176 | Orc:3    | Found a staircase to the Elven Halls.
 31517 | Orc:4    | Entered Level 4 of the Orcish Mines
 31579 | Orc:4    | Found Tikhlyl's Book Shop.
 32182 | Orc:4    | Found Ifriyross's Magic Scroll Boutique.
 32272 | Orc:4    | Found Jinakh's Food Shop.
 34623 | Orc:4    | Gained mutation: You are completely attuned to the shadows. [demonic ancestry]
 34623 | Orc:4    | Reached XP level 16. HP: 96/130 MP: 29/32
 34641 | Orc:4    | Found Bamoprox's Gadget Emporium.
 34641 | Orc:4    | Found Ipradioc's Antique Weapon Shoppe.
 34645 | Orc:4    | Found a one-way gate leading to the halls of Pandemonium.
 35187 | D:15     | Paralysed by an ogre mage for 7 turns
 35189 | D:15     | Reached skill level 1 in Evocations
 35369 | D:15     | Found a shattered altar of Ashenzari.
 35459 | D:15     | Killed Dickchan's ghost
 36024 | Elf:1    | Entered Level 1 of the Elven Halls
 36450 | Elf:1    | Reached skill level 5 in Evocations
 38025 | Shoals:1 | Entered Level 1 of the Shoals
 38551 | Elf:2    | Reached skill level 15 in Necromancy
 38932 | Elf:2    | Learned a level 2 spell: Swiftness
 39299 | Elf:2    | Found Ehemnast's Armour Boutique.
 39330 | Elf:2    | Reached skill level 1 in Air Magic
 39367 | Elf:2    | Found a runed gate.
 39368 | Elf:2    | Found a runed gate.
 39369 | Elf:2    | Found a runed gate.
 40416 | Lair:4   | Killed a five-headed hydra
 40422 | Snake:1  | Entered Level 1 of the Snake Pit
 40436 | Snake:1  | Reached skill level 1 in Charms
 40442 | Lair:4   | HP: 4/131 [naga sharpshooter/bolt of frost (4)]
 40444 | Lair:4   | Shot with a bolt of frost by a naga sharpshooter

Action                   |  1- 3 |  4- 6 |  7- 9 | 10-12 | 13-15 | 16-18 || total
-------------------------+-------+-------+-------+-------+-------+-------++-------
Melee: Unarmed           |     8 |     1 |       |       |       |       ||     9
       Whip              |       |    19 |   133 |   585 |  1338 |   121 ||  2196
       Short sword       |       |    19 |       |    17 |    64 |       ||   100
       Hand axe          |       |       |       |    48 |   141 |   347 ||   536
 Fire: Blowgun           |       |    31 |    13 |    16 |    21 |       ||    81
 Cast: Pain              |    75 |    62 |   114 |   183 |   111 |     6 ||   551
       Animate Skeleton  |    10 |    13 |    23 |    44 |    41 |    14 ||   145
       Regeneration      |       |       |    14 |    87 |   121 |    47 ||   269
       Vampiric Draining |       |       |     1 |    38 |   174 |    87 ||   300
       Animate Dead      |       |       |       |    54 |    80 |    21 ||   155
       Agony             |       |       |       |       |    45 |     9 ||    54
       Sublimation of Bl |       |       |       |       |     1 |       ||     1
       Death Channel     |       |       |       |       |     1 |     2 ||     3
       Swiftness         |       |       |       |       |       |     1 ||     1
Invok: Receive Corpses   |       |       |       |     1 |     3 |     3 ||     7
 Abil: Blink             |       |       |       |       |       |     2 ||     2
Evoke: Fan of gales      |       |       |       |       |     2 |       ||     2
       Wand              |       |       |       |       |     4 |     5 ||     9
  Use: Scroll            |     5 |     1 |       |    28 |    11 |     1 ||    46
       Potion            |       |     1 |     1 |    12 |     9 |     2 ||    25
 Stab: Sleeping          |       |     3 |     4 |    19 |    22 |    11 ||    59
       Paralysed         |       |       |       |     2 |       |       ||     2
       Distracted        |       |       |       |     5 |     6 |     7 ||    18
       Confused          |       |       |       |     1 |       |       ||     1
  Eat: Chunk             |     4 |     6 |    17 |    38 |    57 |    20 ||   142
       Pizza             |       |       |     1 |       |     1 |       ||     2
       Fruit             |       |       |       |     6 |     7 |     4 ||    17
       Beef jerky        |       |       |       |       |     2 |       ||     2
